Cogmind - Beta 13 @@@ ROGUE MODE // 2024.05.22 @ 20:45:27 Player: KingCain Result: Destroyed by P-60 Hacker with Shock Rifle Performance ------------- Evolutions (3) 1500 Regions Visited (4) 800 Robots Destroyed (35) 175 Value Destroyed (646) 646 Prototype IDs (1) 20 Alien Tech Used (0) 0 Bonus (43) 43 TOTAL SCORE: 3184 Bonus ------- High Alert Combat Kills 43 Cogmind --------- Core Integrity 0/700 Matter 28/300 Energy 100/100 System Corruption 2% Temperature Cool (0) Movement Core (50) Location -7/Factory Parts ------- > --- POWER (3) -------- (None) > --- PROPULSION (6) --- (None) > --- UTILITY (2) ------ (None) > --- WEAPON (2) ------- (None) > --- INVENTORY (5) ---- Improved Flight Unit Improved Flight Unit Cesium-ion Thruster EMP Blaster Rocket Launcher Peak State ------------ > --- POWER ------------ Light Ion Engine > --- PROPULSION ------- Flight Unit Flight Unit Flight Unit Flight Unit > --- UTILITY ---------- Propulsion Shielding Shield Generator > --- WEAPON ----------- Rocket Launcher Rocket Launcher > --- INVENTORY -------- Ion Engine Improved Flight Unit Improved Flight Unit EMP Blaster Rocket Launcher [Rating: 13] Favorites ----------- Power Ion Engine Engine Ion Engine Power Core Light Nuclear Core Propulsion Flight Unit Treads Light Treads Wheel Compact Wheel Flight Unit Flight Unit Utility Propulsion Shielding Device Shield Generator Storage Small Storage Unit Protection Propulsion Shielding Weapon Rocket Launcher Ballistic Gun Light Assault Rifle Launcher Rocket Launcher Build | -11 -10 -9 -8 -7 ------- Run | Yrd Mat Mat Mat Fac Slots Evolved 6 | . . 2 2 2 Power 2 | . . . 2 . Propulsion 4 | . . 2 . 2 Utility . | . . . . . Weapon . | . . . . . Parts Attached 31 | 8 10 10 2 1 Power 8 | 2 2 1 2 1 Engine 7 | 2 1 1 2 1 Core 1 | . 1 . . . Reactor . | . . . . . Propulsion 12 | 2 5 5 . . Treads 2 | 2 . . . . Leg . | . . . . . Wheel 3 | . 2 1 . . Hover . | . . . . . Flight 7 | . 3 4 . . Utility 4 | 2 1 1 . . Device 2 | 1 . 1 . . Storage 1 | 1 . . . . Processor . | . . . . . Hackware . | . . . . . Protection 1 | . 1 . . . Artifact . | . . . . . Weapon 7 | 2 2 3 . . Energy Gun . | . . . . . Energy Cannon . | . . . . . Ballistic Gun 2 | 2 . . . . Ballistic Cannon . | . . . . . Launcher 5 | . 2 3 . . Special Weapon . | . . . . . Impact Weapon . | . . . . . Slashing Weapon . | . . . . . Piercing Weapon . | . . . . . Special Melee Weapon . | . . . . . Unidentified Prototypes . | . . . . . Parts Lost 13 | . 2 1 3 7 Power 4 | . 1 . 1 2 Propulsion 5 | . 1 . 2 2 Utility 2 | . . . . 2 Weapon 2 | . . 1 . 1 Highest Loss Streak 7 | . 2 1 3 7 To Critical Strikes . | . . . . . Average Slot Usage (%) 68 | . 89 87 73 41 Engine 6 | . 6 9 7 6 Core 1 | . 3 . . . Treads 1 | . 4 . . . Wheel 7 | . 17 1 . . Flight 12 | . 1 38 30 13 Device 5 | . 4 4 9 6 Storage 5 | . 14 . . . Protection 8 | . 9 11 9 6 Ballistic Gun 1 | . 3 . . . Launcher 15 | . 24 21 16 6 Naked Turns 42 | . . . . 42 Heaviest Build 18 | 13 18 14 14 12 Greatest Support 40 | 40 40 16 16 3 Greatest Overweight (x) 3 | . 1 . 1 3 Average Overweight (x) . | . . . . 2 Largest Inventory Capacity 8 | 8 8 8 5 5 Average Capacity 6 | 7 8 5 5 5 Most Carried 8 | 6 8 7 5 5 Average Carried 5 | 2 7 3 4 4 Final Capacity 8 | 8 8 5 5 5 Final Carried 8 | 6 8 4 4 5 Class Distribution -------------------- 90% | Mutant 9% | Scavenger-Sprinter Dominant Class ---------------- Mutant | -10/Materials Scavenger-Sprinter | -9/Materials Scavenger-Sprinter | -8/Materials Mutant | -7/Factory Resources | -11 -10 -9 -8 -7 ----------- Run | Yrd Mat Mat Mat Fac Matter Collected 627 | 296 282 38 11 . Remotely . | . . . . . Salvage Created 645 | 121 322 192 10 . Parts 62 | 10 28 20 4 . Haulers Intercepted . | . . . . . Recyclers Shooed 1 | 1 . . . . Parts Field Recycled . | . . . . . Retrieved Matter . | . . . . . Parts Self-Destructed . | . . . . . Prevented . | . . . . . Kills | -11 -10 -9 -8 -7 ------- Run | Yrd Mat Mat Mat Fac Combat Hostiles Destroyed 20 | . 8 10 2 . AOE 20 | . 8 10 2 . Classes Destroyed 9 | 2 5 2 . . Worker 1 | . 1 . . . Builder 5 | . 4 1 . . Tunneler 2 | 2 . . . . Recycler 4 | 1 3 . . . Operator 1 | . . 1 . . Watcher 2 | . 2 . . . Swarmer 11 | . 6 3 2 . Grunt 7 | . 2 5 . . Sentry 2 | . . 2 . . Best Kill Streak 6 | 3 6 6 2 . Combat Bots Only 5 | . 3 5 2 . Max Kills in Single Turn 4 | 1 4 4 2 . Gunslinging . | . . . . . Exploded 3 | . 3 3 2 . Melee . | . . . . . Uniques/NPCs Destroyed . | . . . . . Combat | -11 -10 -9 -8 -7 -------- Run | Yrd Mat Mat Mat Fac Hostile Shots Fired 138 | . 18 12 32 76 Missed 41 | . 6 5 8 22 Damage Taken 1877 | . 487 226 227 937 Core 867 | . 41 91 33 702 Absorbed by Shields 59 | . . 19 40 . Redirected to Shielding 50 | . 20 . 14 16 Core Remaining (%) 88 | 100 83 77 94 . Volleys Fired 31 | 8 12 10 1 . Largest 2 | 2 2 2 2 . Hottest 66 | 40 63 66 66 . Shots Fired 61 | 16 23 20 2 . Gun 22 | 16 6 . . . Cannon . | . . . . . Launcher 39 | . 17 20 2 . Special . | . . . . . Kinetic 22 | 16 6 . . . Thermal . | . . . . . Explosive 39 | . 17 20 2 . Electromagnetic . | . . . . . Robot Hit Streak 9 | 5 3 9 . . Robot Miss Streak 3 | 2 2 3 . . Penetration Max . | . . . . . Secondary Targets . | . . . . . Shots Hit Robots 29 | 11 8 10 . . Core Hits 44 | 4 22 16 2 . Critical Kills . | . . . . . Critical Parts Destroyed . | . . . . . Critical Strikes . | . . . . . Melee Attacks . | . . . . . Impact . | . . . . . Slashing . | . . . . . Piercing . | . . . . . Sneak Attacks . | . . . . . Combat Hostiles . | . . . . . Follow-up Attacks . | . . . . . Damage Inflicted 1937 | 94 930 769 140 4 Guns 119 | 94 25 . . . Cannons . | . . . . . Explosions 1814 | . 905 769 140 . Melee . | . . . . . Ramming 4 | . . . . 4 Kinetic 119 | 94 25 . . . Thermal 68 | . 68 . . . Explosive 1746 | . 837 769 140 . Electromagnetic . | . . . . . Impact . | . . . . . Slashing . | . . . . . Piercing . | . . . . . Highest Corruption 5 | . 5 . . 2 Average Corruption 3 | . 5 . . 2 Corruption Purged . | . . . . . Corruption Blocked . | . . . . . Effects 2 | . 2 . . . Matter Fused 1 | . 1 . . . Alerts 1 | . 1 . . . Overload Shots . | . . . . . Overflow Damage 156 | . 50 106 . . Projectiles . | . . . . . Explosions 156 | . 50 106 . . Melee . | . . . . . Knockbacks . | . . . . . Impact . | . . . . . Kinetic . | . . . . . Secondary . | . . . . . Self-Inflicted Damage 356 | . 167 149 38 2 Shots 9 | . 6 2 1 . Rammed 1 | . . . . 1 Targets Rammed 1 | . . . . 1 Kicked . | . . . . . Crushed . | . . . . . Highest Temperature 54 | . 20 54 . . Average Temperature 19 | . 7 23 . . Received Heat Transfer 358 | . . 46 15 297 Siege Activations . | . . . . . Robots Corrupted . | . . . . . Combat Hostiles . | . . . . . Parts Fried . | . . . . . Impact Corruptions . | . . . . . Robots Melted . | . . . . . Combat Hostiles . | . . . . . Parts Melted . | . . . . . Heat Transferred 50 | . 50 . . . Parts Sabotaged . | . . . . . Parts Stolen . | . . . . . Parts Stripped . | . . . . . Power Chain Reactions . | . . . . . Alert | -11 -10 -9 -8 -7 ------- Run | Yrd Mat Mat Mat Fac Peak Influence 646 | 15 248 646 382 169 Initial 272 | . 9 84 272 164 Average 136 | 10 157 319 303 101 Maximum Alert Level 2 | . 1 2 1 . Low Security (%) 78 | 100 69 33 . 100 Level 1 18 | . 30 39 100 . Level 2 2 | . . 26 . . Level 3 . | . . . . . Level 4 . | . . . . . Level 5 . | . . . . . High Security . | . . . . . Max Security . | . . . . . Squads Dispatched 2 | . . 1 . 1 Investigation 1 | . . 1 . . Extermination 1 | . . . . 1 Reinforcement . | . . . . . Assault . | . . . . . Garrison . | . . . . . Intercept . | . . . . . Searches Triggered . | . . . . . Construction Impeded . | . . . . . Haulers Reinforced . | . . . . . Active Scanning Responses . | . . . . . Cargo Convoy Interrupts . | . . . . . Stealth | -11 -10 -9 -8 -7 --------- Run | Yrd Mat Mat Mat Fac Distress Signals . | . . . . . Communications Jammed . | . . . . . Distress Signals . | . . . . . Times Spotted 33 | . 9 14 4 6 Peak Tracking Total 5 | . 3 5 4 5 Tactical Retreats . | . . . . . Traps | -11 -10 -9 -8 -7 ------- Run | Yrd Mat Mat Mat Fac Traps Triggered 1 | . . . . 1 Indirectly . | . . . . . Trap Hack Attempts . | . . . . . Triggered . | . . . . . Disarmed . | . . . . . Reprogrammed . | . . . . . Reused . | . . . . . Traps Extracted . | . . . . . Installed . | . . . . . Triggered . | . . . . . Machines | -11 -10 -9 -8 -7 ---------- Run | Yrd Mat Mat Mat Fac Machines Disabled 7 | . 2 4 1 . Max in Single Turn 2 | . 1 2 1 . Machines Repaired . | . . . . . Machines Dismantled . | . . . . . Machines Sabotaged . | . . . . . Overloaded Fab Kills . | . . . . . Hacking | -11 -10 -9 -8 -7 --------- Run | Yrd Mat Mat Mat Fac Machines Accessed 7 | . . 3 1 3 Terminals 2 | . . 1 . 1 Fabricators . | . . . . . Repair Stations . | . . . . . Recycling Units 3 | . . 2 . 1 Scanalyzers 2 | . . . 1 1 Garrison Access . | . . . . . Total Hacks 15 | . . 5 2 8 Successful 12 | . . 4 1 7 Failed 3 | . . 1 1 1 Catastrophic 1 | . . 1 . . Database Lockouts . | . . . . . Manual . | . . . . . Terminals 3 | . . 1 . 2 Fabricators . | . . . . . Repair Stations . | . . . . . Recycling Units 7 | . . 4 . 3 Scanalyzers 5 | . . . 2 3 Garrison Access . | . . . . . Terminal Hacks 2 | . . 1 . 1 Open DSF 1 | . . . . 1 Zone Layout 1 | . . 1 . . Fabricator Hacks . | . . . . . Repair Station Hacks . | . . . . . Recycling Unit Hacks 6 | . . 3 . 3 Report Inventory 2 | . . 2 . . Retrieve Matter 3 | . . . . 3 Retrieve Components 1 | . . 1 . . Scanalyzer 4 | . . . 1 3 Insert Component 2 | . . . 1 1 Analyze 2 | . . . . 2 Garrison Access Hacks . | . . . . . Unauthorized Hacks . | . . . . . Terminals . | . . . . . Fabricators . | . . . . . Repair Stations . | . . . . . Recycling Units . | . . . . . Scanalyzers . | . . . . . Garrison Access . | . . . . . Data Cores Recovered . | . . . . . Used . | . . . . . Hacking Detections 4 | . . 2 . 2 Full Trace Events 1 | . . 1 . . Feedback Events . | . . . . . Feedback Blocked . | . . . . . Robot Schematics Acquired . | . . . . . Robots Built . | . . . . . Authchips . | . . . . . Time . | . . . . . Total Robot Build Rating . | . . . . . Part Schematics Acquired 1 | . . . . 1 Parts Built . | . . . . . Authchips . | . . . . . Time . | . . . . . Total Part Build Rating . | . . . . . Parts Repaired . | . . . . . Time . | . . . . . Parts Recycled . | . . . . . Recycled Matter . | . . . . . Retrieved Matter . | . . . . . Retrieved Components 3 | . . 3 . . Parts Scanalyzed 1 | . . . . 1 Part Schematics Acquired 1 | . . . . 1 Parts Damaged . | . . . . . Bothacking | -11 -10 -9 -8 -7 ------------ Run | Yrd Mat Mat Mat Fac Used RIF Installer . | . . . . . Robots Hacked . | . . . . . Non-combat . | . . . . . Combat . | . . . . . Robot Hacks Applied . | . . . . . Relay Couplers Released . | . . . . . Fabnet Peak Effective % . | . . . . . Robots Rewired . | . . . . . Allies Hacked . | . . . . . Hacks Repelled . | . . . . . Allies | -11 -10 -9 -8 -7 -------- Run | Yrd Mat Mat Mat Fac Total Allies . | . . . . . Largest Group . | . . . . . Highest-Rated Group . | . . . . . Highest-Rated Ally . | . . . . . Total Orders . | . . . . . Ally Attacks . | . . . . . Total Damage . | . . . . . Kills . | . . . . . Allies Corrupted . | . . . . . Allies Melted . | . . . . . Intel | -11 -10 -9 -8 -7 ------- Run | Yrd Mat Mat Mat Fac Robot Analysis Total . | . . . . . Derelict Logs Recovered . | . . . . . Drone Launches . | . . . . . Drone Recoveries . | . . . . . Exploration | -11 -10 -9 -8 -7 ------------- Run | Yrd Mat Mat Mat Fac Turns Passed 1849 | 283 634 196 66 670 Spaces Moved 1485 | 157 521 328 151 328 Core 332 | 4 . . . 328 Treads 209 | 153 56 . . . Legs . | . . . . . Wheels 454 | . 454 . . . Hover . | . . . . . Flight 490 | . 11 328 151 . Fastest Speed 31 | 50 90 31 31 50 Average Speed 105 | 157 102 31 38 191 Slowest Speed 200 | 160 160 34 117 200 Overloaded Moves . | . . . . . Propulsion Burnouts . | . . . . . Robots Hopped 2 | . . 1 1 . Cave-ins Triggered 2 | . 2 . . . Exploration Rate (%) 22 | 6 58 30 15 5 Regions Visited 4 Branch Regions . Pre-discovered Areas . | . . . . . Known Exits Taken . | . . . . . Unknown Exits Taken 4 | 1 1 1 1 . Scrap Searched . | . . . . . Spaces Dug . | . . . . . Terrain Destroyed 294 | . 147 138 9 . Melee . | . . . . . Projectile . | . . . . . AOE 294 | . 147 138 9 . Terrain Rammed . | . . . . . Walls Destroyed . | . . . . . Machines Disabled . | . . . . . Actions | -11 -10 -9 -8 -7 --------- Run | Yrd Mat Mat Mat Fac Total 1703 | 177 601 401 157 367 Wait 126 | . 45 44 1 36 Move 1476 | 156 519 325 148 328 Hop 2 | . . 1 1 . Pick Up 16 | 5 4 5 1 1 Fast Attach 16 | 7 6 2 . 1 Attach 10 | . . 8 2 . Detach 4 | . 2 . 2 . Swap 5 | 1 4 . . . Drop 15 | . 8 6 1 . Fire 31 | 8 12 10 1 . Melee . | . . . . . Ram 1 | . . . . 1 Kick . | . . . . . Crush . | . . . . . Escape Stasis 1 | . 1 . . . Rewire . | . . . . . Trap . | . . . . . Miscellaneous . | . . . . . Route ------- -11/Scrapyard -10/Materials (discovered 2 exits: *Mat / [*Min]) -9/Materials -8/Materials -7/Factory History --------- Turn | Location | Event 7 | -11/Scrapyard | Discovered new exit (range 15) 284 | -11/Scrapyard | Entered Materials 324 | -10/Materials | Build established: Mutant 695 | -10/Materials | Crushed by falling debris 699 | -10/Materials | Crushed by falling debris 771 | -10/Materials | Discovered new exit (range 13) 851 | -10/Materials | Discovered new exit (range 16) 918 | -10/Materials | Entered another Materials area 918 | -9/Materials | Evolved 2 slots: Propulsion x2 1109 | -9/Materials | Discovered new exit (range 15) 1114 | -9/Materials | Entered another Materials area 1114 | -8/Materials | Evolved 2 slots: Power x2 1158 | -8/Materials | Discovered new exit (range 14) 1180 | -8/Materials | Entered Factory 1180 | -7/Factory | Evolved 2 slots: Propulsion x2 1202 | -7/Factory | Lost 3 parts (1p2n) 1484 | -7/Factory | Identified exit to DSF 1760 | -7/Factory | P-60 Hacker assimilated allied 93-M5X(g) 1830 | -7/Factory | Core integrity fell below 50% 1844 | -7/Factory | Lost 7 parts (2p2n2u1w) 1844 | -7/Factory | Core integrity fell below 20% 1850 | -7/Factory | Destroyed by P-60 Hacker with Shock Rifle Last Messages --------------- off sticking together. Just don't get me killed when they show up, yeah?" 01698_ Connecting with Recycling Unit... 01708_ Acquired Cesium-ion Thruster. 01735_ Slammed into R-06 Scavenger. 01760_ P-60 Hacker hacks 93-M5X(g), assimilated. 01770_ 93-M5X(g) reactivates. 01771_ Rocket Launcher destroyed. 01781_ Critical hit (Burn: +37). 01782_ Flight Unit destroyed. 01788_ Critical hit (Burn: +37). 01790_ Propulsion Shielding destroyed. 01790_ Flight Unit destroyed. 01793_ Ion Engine destroyed. 01796_ Shield Generator destroyed. 01796_ Critical hit (Burn: +37). 01801_ Acquired Imp. Deuterium Engine. 01813_ Imp. Deuterium Engine destroyed. 01813_ Critical hit (Burn: +37). 01837_ P-60 Hacker suffers critical hit (Burn). Map ----- +----------------------------------------------------+ | ????????????# ??????????? ? | | ????????????# ??????????? ? | | ????????????# ??????????? ?? | | ????????????# ??????????# ??? | | ????????????# ^^??????????# ???? | | ????????????+ ########### ????? | | ????????????# # # #?????? | | ????????????# # =# #?????? | | ????????????# # # #?????? | | ????????????# # # #?????? | | ????????????# # """"" # #?????? | | ????????????# # """"" + #?????? | | ????????????# # """ # #?????? | | ????????????# + [ # #?????? | | ????????????# ########### #?????? | | ????????????# # ] # #?????? | | ????????????# # # #?????? | | ????????????# # """ # #?????? | | ????????????# # """ + #?????? | | ????????????+ # """ ""# ####### | | ????????????# # Y"# ## # | | ????????????# # ""# ## # | | ????????????+ # #^ ^ ^## # | | ??????#########g############# ^ ^## [ # | | ??????# p #??# ## # | | ??????# @ #??# ## # | | ??????# #??# ####+## | | ??????# * #??# | | ??????# ** #??# ####### | | ??????# * #?## #?????# | | ??????# #?# #?????# | | ??????# #?#T #?????# | | ??????####################### #?????# | | ???????????????# # #?????+ | | ???????????????# """ """" # #?????# | | ???????????????# """ """" # #?????# | | ???????????????# """ """" # #?????? | | ???????????????# """" # #?????? | | ???????????????# + #?????? | | ???????????????# """" """" # #?????? | | ???????????????# """" """" # #?????? | | ???????????????# """" """" # #?????? | | ???????????????? """" """" # #?????? | | ????????????????? # #?????? | | ????????????????? # #?????? | | ?????????????????############ #?????? | | ????????????????????????????# #?????? | | ????????????????????????????# ####### | | ???????????????????########## # | | ???????????????????# # # | +----------------------------------------------------+ Best States ------------- Heat Dissipation 34 Energy Generation 16 Energy Capacity 290 Matter Stores 300 Matter Capacity 300 Sight Range 16 Terrain Scan Range 16 Terrain Scan Density 10 Propulsion Shielding 33 Evasion (%) 63 Recoil Reduction 2 Item Schematics ----------------- Rocket Launcher | -7/Factory | Scanalyzed Robot Schematics ------------------ None Fabricated ------------ Nothing Alien Tech Used ----------------- None Achievements -------------- Made in Tau Ceti IV Remodeling Safety First Challenges ------------ None Game ------ Seed ThunderMachineMachine Manual? 0 Play Time 00:22:50 Cumulative 2.6 hours Start 2024.05.22 @ 20:22:48 End 2024.05.22 @ 20:45:27 Sessions 1 Manual Loads 0 Difficulty Rogue Special Mode None Game No. 6 Rogue 6 Adventurer 0 Explorer 0 Win Type - Total 0 Types 0/0/0/0/0/0/0/0/0 Lore% 2 Gallery% 7 Achievement% 7 Wizard Run 0 Options --------- Layout 0 ASCII 0 Keyboard 0 Movement Arrows Keybinds 0 Fullscreen 1 Font 18/SmallcapsGlow Map View 38x25 Zoom Use 99% Tactical HUD 1 Map Filters NONE Filters NONE Steam 1 RUN: 01cc9e3d-dde4-4a67-a0aa-62bfe8d2b2cc